AoeStats
← Rattack

Nomad

509947573Analyzed
2v2 RM · 4d ago on Sep 28, 2026· 42m 17s· 4 players
Game mode
Random Map
Map size
176×176
Population
200
Speed
Normal
Resources
Standard
Victory
Conquest
Starting age
Dark Age
Ending age
Imperial Age
RankedLock teamsTeams togetherTeam positionsShared explorationLock speedFull tech treeHidden civsTurbo modeCheats
Victory
Defeat
🇨🇭 Wu · Switzerland
1582
+10
🇨🇭 Spanish · Switzerland
1309
+49
🇫🇮 Lithuanians · Finland
1449
-16
🇫🇮 Tupi · Finland
1411
-15
kummisetä
4:49 Loom
13:30 Feudal Age
17:07 Castle Age
14:56 Double-Bit Axe
16:53 Gold Mining
18:10 Bow Saw
20:46 Squires
20:36 Fishing Lines
21:32 Scale Mail Armor
22:39 Fletching
23:57 Wheelbarrow
22:59 Elite Skirmisher
25:42 Ballistics
25:34 Bodkin Arrow
33:03 Padded Archer Armor
Rattack
4:40 Loom
8:50 Loom
13:22 Feudal Age
12:45 Loom
13:49 Double-Bit Axe
18:00 Castle Age
17:55 Horse Collar
18:57 Heavy Plow
19:08 Bow Saw
26:00 Forging
26:21 Medium Warships
32:20 Imperial Age
31:25 Gold Mining
32:11 Wheelbarrow
31:44 Stone Mining
32:22 Scale Barding Armor
32:53 Iron Casting
34:07 Chain Barding Armor
34:20 Conscription
34:26 Bloodlines
34:16 Husbandry
35:48 Cavalier
IamDragonFire
6:44 Loom
13:32 Feudal Age
16:54 Castle Age
23:16 Double-Bit Axe
25:45 Fletching
25:55 Padded Archer Armor
[BÜN] Swissblaze
5:04 Loom
13:07 Feudal Age
17:49 Castle Age
16:17 Double-Bit Axe
17:00 Fishing Lines
19:34 Wheelbarrow
19:14 Bow Saw
20:04 Fletching
20:09 Gillnets
24:01 Bodkin Arrow
25:37 Ballistics
25:41 Padded Archer Armor
27:13 Leather Archer Armor
28:33 Horse Collar
28:43 Gold Mining
33:40 Imperial Age
32:27 Heavy Plow
32:23 Stone Mining
34:16 Masonry
35:27 Chemistry
34:52 Conscription
34:40 Bracer
36:08 Architecture
36:35 Gold Shaft Mining
37:08 Scale Mail Armor
37:19 Forging
38:21 Hand Cart
37:58 Pikeman
38:39 Squires
39:19 Chain Mail Armor
38:41 Halberdier
40:45 Plate Mail Armor
Connection lost

Rejoining the realm…

Still unreachable

The connection could not be restored.

Session expired

The server has moved on; the page needs a fresh start.